 Dungeon Crawl Stone Soup version 0.28-a0-1412-gf95308ed99 (webtiles) character file.

Game seed: 2530851919950855677

2 lunkers the Magician (level 1, -2/15 HPs)
             Began as a Demonspawn Wanderer on Jan 6, 2022.
             Slain by a hobgoblin (4 damage)
             ... on level 1 of the Dungeon.
             The game lasted 00:00:24 (46 turns).

lunkers the Magician (Demonspawn Wanderer)            Turns: 46, Time: 00:00:25

Health: -2/15      AC:  2    Str: 13    XL:     1   Next: 33%
Magic:  3/3        EV: 11    Int: 14    God:
Gold:   0          SH:  0    Dex: 10    Spells: 4/4 levels left

rFire   . . .      SeeInvis .   a - +0 club
rCold   . . .      Faith    .   (no shield)
rNeg    . . .      Spirit   .   c - +0 robe
rPois   .          Reflect  .   (no helmet)
rElec   .          Harm     .   (no cloak)
rCorr   .          Rampage  .   (no gloves)
Will    .....                   (no boots)
Stlth   +.........              (no amulet)
HPRegen 0.05/turn               (no ring)
MPRegen 0.08/turn               (no ring)

@: no status effects
A: no striking features
a: no special abilities


You were on level 1 of the Dungeon.
You visited 1 branch of the dungeon, and saw 1 of its levels.

Inventory:

Hand Weapons
 a - a +0 club (weapon)
Missiles
 b - 23 stones (quivered)
Armour
 c - a +0 robe (worn)
Scrolls
 d - a scroll of silence


   Skills:
 - Level 1.0 Fighting
 - Level 1.0 Throwing
 - Level 1.7 Armour
 - Level 1.0 Dodging
 + Level 2.0 Spellcasting
 - Level 1.0 Fire Magic
 * Level 2.0 Earth Magic


You had 4 spell levels left.
You didn't know any spells.
Your spell library contained the following spells:

 Spells                   Type           Power      Damage    Failure   Level
 Sandblast                Erth           14%        2d6       11%         1
 Foxfire                  Conj/Fire      8%         2x1d4     19%         1
 Stone Arrow              Conj/Erth      8%         3d7       43%         3
 Ignite Poison            Fire/Tmut/Pois 2%         N/A       52%         3
 Animate Armour           Summ/Erth      8%         N/A       83%         4


Dungeon Overview and Level Annotations

Branches:
Dungeon (1/15)

Altars:


Message History

You hit the hobgoblin.
The hobgoblin is heavily wounded.
The hobgoblin hits you.
A kobold comes into view. It is wielding a +0 dagger.
The hobgoblin barely misses you.
The kobold shouts!
You hit the hobgoblin but do no damage.
The hobgoblin is heavily wounded.
You hear a shout!
The hobgoblin hits you but does no damage.
You hit the hobgoblin but do no damage.
The hobgoblin is heavily wounded.
The hobgoblin misses you.
You hit the hobgoblin.
The hobgoblin is severely wounded.
The hobgoblin hits you.
* * * LOW HITPOINT WARNING * * *
A hobgoblin comes into view.
The hobgoblin completely misses you.
Memorise Sandblast, consuming 1 spell level and leaving 3?
The endoplasm hits you.
Your memorisation is interrupted.
* * * LOW HITPOINT WARNING * * *
You hit the endoplasm.
The endoplasm is heavily wounded.
The endoplasm closely misses you.
You hit the endoplasm but do no damage.
The endoplasm is heavily wounded.
The endoplasm freezes you.
You are frozen.
* * * LOW HITPOINT WARNING * * *
You hit the endoplasm.
You kill the endoplasm!
You barely miss the hobgoblin.
The hobgoblin is severely wounded.
The hobgoblin hits you but does no damage.
You hit the hobgoblin.
You kill the hobgoblin!
Your Earth Magic skill increases to level 2!
You barely miss the hobgoblin. The hobgoblin hits you.
You die...

...# #(# ##.## #.##
#+##...####..##
#.##..........#
#.##..#.....#..#
##.##..##...##..#
##......###K## ...
#....#### #g# ##..#
##....## ##@## ..#
####....###.#.###....#
............#<#.......#
#####....###.#.###....#
#...## ##.## ..# #..##
#.# # #... #.# #.## ...
#. ...


You could see a hobgoblin and a kobold.

Vanquished Creatures
  An endoplasm (D:1)
  A hobgoblin (D:1)
2 creatures vanquished.

Notes
Turn   | Place    | Note
-------+----------+-------------------------------------------
     0 | D:1      | lunkers the Demonspawn Wanderer began the quest for the
                  | Orb.
     0 | D:1      | lunkers set off with the following items: a +0 club, 24
                  | stones, a +0 robe, a scroll of silence; and the following
                  | spells available to memorise: Sandblast, Foxfire, Stone
                  | Arrow, Ignite Poison, Animate Armour
     0 | D:1      | Reached XP level 1. HP: 15/15 MP: 3/3
    46 | D:1      | Slain by a hobgoblin

Illustrated notes

Levels and vault maps discovered:
D:1:      roderic_crossed_star, layout_loops_corners,
          shapermc_ecumenical_altar_venn

Skill      XL: |  1 |
---------------+----+-----
Earth Magic    | 2 |  2.0
Fighting       | |  1.0
Throwing       | |  1.0
Armour         | |  1.7
Dodging        | |  1.0
Spellcasting   | |  2.0
Fire Magic     | |  1.0

Action                   || total
-------------------------++-------
Melee: Club              ||    12
Throw: Stone             ||     1
Armor: Robe              ||     3
Dodge: Dodged            ||     5

Table legend: (Time is in decaauts)
 A = Elapsed time spent in this place.
 B = Non-inter-level travel time spent in this place.
 C = Inter-level travel time spent in this place.
 D = Time resting spent in this place.
 E = Time spent auto-exploring this place.
 F = Levels seen in this place.
 G = Mean time per level.
                   A        B        C        D        E       F      G
               +--------+--------+--------+--------+--------+-----+--------+
         Total |     49 |     49 |      0 |      0 |     24 |   1 |   49.0 |
       Dungeon |     49 |     49 |      0 |      0 |     24 |   1 |   49.0 |
               +--------+--------+--------+--------+--------+-----+--------+

Top non-repeatable levels by time:
     D:1: 49 daAuts
